 Dungeon Crawl Stone Soup version 0.30-a0-1075-gcd70e7a56d (webtiles) character file.

Game seed: 15074043704461044402

84 BlasphemerAmon the Ruffian (level 4, 0/1 (42) HPs)
             Began as a Troll Reaver on Apr 14, 2023.
             Frozen to death by an endoplasm (1 damage)
             ... on level 3 of the Dungeon.
             The game lasted 00:05:31 (1363 turns).

BlasphemerAmon the Ruffian (Troll Reaver)           Turns: 1363, Time: 00:05:34

HP:   0/1 (42)      AC:  4    Str: 22    XL:     4   Next: 23%
MP:   4/5           EV:  9    Int:  9    God:
Gold: 64            SH:  0    Dex:  8    Spells: 5/6 levels left

rFire   . . .      SeeInvis .      - Unarmed
rCold   . . .      Faith    .    (no shield)
rNeg    . . .      Spirit   .    a - +0 robe
rPois   .          Reflect  .    (helmet restricted)
rElec   .          Rampage  .    (no cloak)
rCorr   .                        (gloves unavailable)
Will    .....                    (boots unavailable)
Stlth   +                        (no amulet)
HPRegen 1.00/turn                (no ring)
MPRegen 0.09/turn                (no ring)

@: extremely drained
A: large, unfitting armour, claws 3, regeneration 1, shaggy fur 1, tough skin 1
a: no special abilities


You were on level 3 of the Dungeon.
You visited 1 branch of the dungeon, and saw 3 of its levels.

You collected 64 gold pieces.

Inventory:

Armour
 a - a +0 robe (worn)
Wands
 f - a wand of flame (35)
Scrolls
 b - a scroll of magic mapping {unknown}
 d - 3 scrolls of teleportation {unknown}
 g - a scroll of fear {unknown}
Potions
 c - 2 potions of curing {unknown}
 e - a potion of mutation {unknown}


   Skills:
 * Level 2.2 Fighting
 - Level 2.1 Dodging
 + Level 3.4 Unarmed Combat
 + Level 1.6 Spellcasting
 * Level 2.6 Conjurations


You had 5 spell levels left.
You knew the following spells:

 Your Spells              Type           Power      Damage    Failure   Level
a - Kiss of Death         Conj/Necr      12%        2d6       21%         1

Your spell library contained the following spells:

 Spells                   Type           Power      Damage    Failure   Level
 Momentum Strike          Conj/Tloc      6%         3d8       30%         2
 Hailstorm                Conj/Ice       3%         3d3       52%         3


Dungeon Overview and Level Annotations

Branches:
Dungeon (3/15)

Altars:


Innate Abilities, Weirdness & Mutations

You are too large for most types of armour.
You have claws for hands.
Your natural rate of healing is unusually fast.
You are covered in fur. (AC +1)
You have tough skin. (AC +1)


Message History

You now have 64 gold pieces (gained 16).
There is a stone staircase leading down here.
You climb downwards.
The jackal barks!
You hear a shout!
Found a scroll labelled TYMUGOPRAS.
There is a stone staircase leading up here.
A hobgoblin comes into view.
The hobgoblin shouts!
The jackal bites you.
Ouch! That really hurt!
* * * LOW HITPOINT WARNING * * *
The jackal bites you but does no damage.
An endoplasm comes into view.
Aiming: Kiss of Death (safe; 21% risk of failure)
Press: ? - help, Q - select action, (/) - cycle Shift-Dir - straight line, f - jackal
Aim: a jackal (100% to hit)
The negative energy hits the jackal!
The jackal is drained!
You kill the jackal!
You feel drained. The jackal closely misses you. The jackal misses you.
The jackal closely misses you.
The jackal bites you but does no damage. x2
You scratch the jackal.
The jackal is almost dead.
The jackal closely misses you.
The jackal bites you but does no damage.
You claw the jackal!
You kill the jackal!
The jackal barely misses you.
You completely miss the jackal. The jackal closely misses you.
The jackal bites you but does no damage.
You miss the jackal. Your claw misses the jackal.
The hobgoblin barely misses you. The jackal barely misses you.
You claw the hobgoblin!
You kill the hobgoblin!
The jackal bites you but does no damage.
The endoplasm freezes you.
You are frozen.
Ouch! That really hurt!
You die...

#### ..# # #.#
##.#. #<#
......#.##.####
#....†@.......
......Jh.......
.........######
..........
.........##
......?.##
.......##
##....#


You could see an endoplasm and a jackal.

Vanquished Creatures
  Jessica (D:2)
  An adder (D:2)
  2 worms (D:2)
  A dart slug (D:2)
  4 bats
  5 endoplasms
  A giant cockroach (D:1)
  A goblin (D:1)
  3 hobgoblins
  8 jackals
  5 kobolds
  2 ball pythons (D:2)
  2 frilled lizards
  3 rats
39 creatures vanquished.

Notes
Turn   | Place    | Note
-------+----------+-------------------------------------------
     0 | D:1      | BlasphemerAmon the Troll Reaver began the quest for the
                  | Orb.
     0 | D:1      | Reached XP level 1. HP: 19/19 MP: 1/1
   196 | D:1      | Reached XP level 2. HP: 24/25 MP: 0/3
   841 | D:2      | Reached XP level 3. HP: 7/21 MP: 4/4
   970 | D:2      | Noticed Jessica
   975 | D:2      | Killed Jessica
   976 | D:2      | Reached XP level 4. HP: 15/23 MP: 3/5
  1363 | D:3      | Frozen to death by an endoplasm

Illustrated notes

Levels and vault maps discovered:
D:1:      minmay_arrival_doors, layout_loops_ring, roderic_roman_lattice
D:2:      layout_rooms, kennysheep_generic_room_9, uniq_jessica
D:3:      layout_loops_ring

Skill      XL: |  1  2  3 |
---------------+----------+-----
Dodging        | 2 |  2.1
Fighting       | 2 |  2.2
Unarmed Combat | |  3.4
Spellcasting   | |  1.6
Conjurations   | |  2.6

Action                     |  1- 3 |  4- 6 || total
---------------------------+-------+-------++-------
  Melee: Unarmed           |    64 |    16 ||    80
   Cast: Kiss of Death     |     6 |     4 ||    10
 Armour: Robe              |    47 |    12 ||    59
  Dodge: Dodged            |    54 |    10 ||    64

Table legend: (Time is in decaauts)
 A = Elapsed time spent in this place.
 B = Non-inter-level travel time spent in this place.
 C = Inter-level travel time spent in this place.
 D = Time resting spent in this place.
 E = Time spent auto-exploring this place.
 F = Levels seen in this place.
 G = Mean time per level.
                   A        B        C        D        E       F      G
               +--------+--------+--------+--------+--------+-----+--------+
         Total |   1357 |   1357 |      0 |      0 |      0 |   3 |  452.3 |
       Dungeon |   1357 |   1357 |      0 |      0 |      0 |   3 |  452.3 |
               +--------+--------+--------+--------+--------+-----+--------+

Top non-repeatable levels by time:
     D:1: 810 daAuts
     D:2: 539 daAuts
     D:3: 7 daAuts
